[ AOE2 MATCH · #505793558 ]
UnrankedChinese vs Tupi
Player's team · WIN
Rival team · LOSS
[ REPLAY ANALYSIS · EXTRACTED FROM THE RECORDED GAME ]
Feudal
9:30
Castle
—
Imperial
—
| APM avg | 84.1 |
| APM peak | 107 |
| eAPM avg | 36.2 |
| Villagers / military | 49 / 16 |
Focus
⚔️ 43.1% · 🌾 56.9%
Archer ×9 · Scout Cavalry ×7
Feudal
11:41
Castle
—
Imperial
—
| APM avg | 80.1 |
| APM peak | 152 |
| eAPM avg | 37.7 |
| Villagers / military | 69 / 8 |
Focus
⚔️ 47.0% · 🌾 53.0%
Unknown (2550) ×14 · Spearman ×8
Match map
Initial resources + every placement click. Lines = walls · curves = elevation contours. ◆ gold · ⬟ stone · ● berries · ✦ relic · ◌ wall gap
Your base· Open — unwalled flank
SVTT | Альпинист's base· Open — unwalled flank
Smoothed initial terrain · ◌ = detected wall gap · hover for details
Inputs per minute
— TUAN - - SVTT | Альпинист
Build order — TUAN
122 actions detected in the replay
| 0:00 | Research | Loom |
| 0:01 | Research | Loom |
| 0:45 | Create | Villager (Male) |
| 0:45 | Create | Villager (Male) |
| 1:07 | Create | Villager (Male) |
| 1:07 | Create | Villager (Male) |
| 1:35 | Create | Villager (Male) |
| 1:35 | Create | Villager (Male) |
| 1:54 | Create | Villager (Male) |
| 1:54 | Create | Villager (Male) |
| 2:14 | Create | Villager (Male) |
| 2:43 | Create | Villager (Male) |
| 2:43 | Create | Villager (Male) |
| 2:46 | Build | Lumber Camp |
| 3:04 | Create | Villager (Male) |
| 3:04 | Create | Villager (Male) |
| 3:23 | Build | House |
| 3:42 | Create | Villager (Male) |
| 3:42 | Create | Villager (Male) |
| 4:02 | Build | House |
| 4:06 | Create | Villager (Male) |
| 4:32 | Create | Villager (Male) |
| 4:33 | Create | Villager (Male) |
| 5:02 | Create | Villager (Male) |
| 5:11 | Build | Palisade Wall |
| 5:23 | Build | Palisade Wall |
| 5:29 | Build | House |
| 5:47 | Create | Villager (Male) |
| 5:49 | Build | House |
| 6:06 | Create | Villager (Male) |
| 6:06 | Create | Villager (Male) |
| 6:11 | Build | Mill |
| 6:36 | Create | Villager (Male) |
| 6:50 | Create | Villager (Male) |
| 6:58 | Build | Farm |
| 7:20 | Research | Feudal Age |
| 7:52 | Build | Palisade Wall |
| 7:54 | Build | Palisade Wall |
| 7:56 | Build | Palisade Wall |
| 8:08 | Create | Villager (Male) |
| 8:34 | Build | Barracks |
| 8:52 | Create | Villager (Male) |
| 9:07 | Build | House |
| 9:30 | Age | Feudal Age |
| 9:35 | Build | Stable |
| 9:50 | Build | House |
| 9:53 | Create | Villager (Male) |
| 10:01 | Research | Double-Bit Axe |
| 10:17 | Create | Scout Cavalry |
| 10:17 | Create | Scout Cavalry |
| 10:30 | Build | Farm |
| 10:32 | Create | Villager (Male) |
| 10:37 | Build | Farm |
| 10:42 | Build | Farm |
| 10:44 | Create | Villager (Male) |
| 10:52 | Create | Scout Cavalry |
| 10:59 | Build | House |
| 11:01 | Build | House |
| 11:13 | Create | Villager (Male) |
| 11:18 | Build | Mining Camp |
| 11:42 | Create | Villager (Male) |
| 11:50 | Create | Scout Cavalry |
| 11:51 | Create | Villager (Male) |
| 12:20 | Create | Villager (Male) |
| 12:26 | Build | House |
| 12:38 | Create | Villager (Male) |
| 12:40 | Build | Farm |
| 12:41 | Research | Horse Collar |
| 12:54 | Create | Villager (Male) |
| 12:56 | Build | Farm |
| 12:59 | Build | Farm |
| 13:14 | Build | Palisade Wall |
| 13:23 | Build | Archery Range |
| 13:38 | Build | Farm |
| 13:42 | Build | House |
| 13:43 | Build | House |
| 13:48 | Create | Villager (Male) |
| 14:11 | Create | Scout Cavalry |
| 14:12 | Create | Archer |
| 14:41 | Create | Villager (Male) |
| 14:48 | Create | Archer |
| 14:57 | Build | Watch Tower |
| 14:58 | Create | Villager (Male) |
| 15:02 | Create | Archer |
| 15:06 | Build | House |
| 15:08 | Build | Blacksmith |
| 15:37 | Create | Villager (Male) |
| 15:37 | Create | Villager (Male) |
| 15:48 | Create | Villager (Male) |
| 15:50 | Build | House |
| 15:54 | Research | Fletching |
| 15:55 | Research | Fletching |
| 15:58 | Create | Archer |
| 16:07 | Build | Farm |
| 16:08 | Build | Farm |
| 16:13 | Create | Villager (Male) |
| 16:21 | Build | Farm |
| 16:24 | Build | Farm |
| 16:33 | Build | House |
| 16:34 | Build | House |
| 16:41 | Build | Lumber Camp |
| 16:46 | Build | Mining Camp |
| 17:11 | Create | Archer |
| 17:12 | Create | Villager (Male) |
| 17:15 | Create | Archer |
| 17:40 | Create | Villager (Male) |
| 18:10 | Create | Villager (Male) |
| 18:12 | Create | Villager (Male) |
| 18:19 | Build | Market |
| 18:27 | Create | Villager (Male) |
| 18:32 | Build | Farm |
| 18:32 | Build | Farm |
| 18:33 | Build | Farm |
| 18:47 | Create | Archer |
| 18:49 | Create | Villager (Male) |
| 19:12 | Create | Archer |
| 19:32 | Build | Watch Tower |
| 19:33 | Create | Villager (Male) |
| 19:41 | Create | Scout Cavalry |
| 19:41 | Create | Scout Cavalry |
| 20:02 | Create | Archer |
| 20:05 | Build | Archery Range |
Build order — SVTT | Альпинист
123 actions detected in the replay
| 0:00 | Create | Villager (Male) |
| 0:01 | Create | Villager (Male) |
| 0:02 | Build | House |
| 0:02 | Create | Villager (Male) |
| 0:03 | Build | House |
| 0:07 | Build | Barracks |
| 0:10 | Create | Villager (Male) |
| 0:10 | Create | Villager (Male) |
| 1:05 | Create | Villager (Male) |
| 1:05 | Create | Villager (Male) |
| 1:14 | Research | Loom |
| 1:32 | Create | Unit 2550 |
| 1:32 | Create | Unit 2550 |
| 2:14 | Create | Unit 2550 |
| 2:14 | Create | Unit 2550 |
| 2:32 | Create | Villager (Male) |
| 2:32 | Create | Villager (Male) |
| 2:53 | Create | Villager (Male) |
| 2:53 | Create | Villager (Male) |
| 3:25 | Create | Villager (Male) |
| 3:28 | Create | Villager (Male) |
| 3:28 | Create | Villager (Male) |
| 3:55 | Create | Villager (Male) |
| 3:55 | Create | Villager (Male) |
| 4:42 | Create | Villager (Male) |
| 4:43 | Create | Villager (Male) |
| 4:45 | Build | House |
| 5:04 | Create | Villager (Male) |
| 5:04 | Create | Villager (Male) |
| 5:50 | Build | Settlement |
| 5:58 | Create | Villager (Male) |
| 5:59 | Create | Villager (Male) |
| 5:59 | Create | Villager (Male) |
| 6:07 | Create | Villager (Male) |
| 6:07 | Create | Villager (Male) |
| 6:50 | Create | Villager (Male) |
| 6:50 | Create | Villager (Male) |
| 6:50 | Create | Villager (Male) |
| 6:51 | Create | Villager (Male) |
| 7:28 | Create | Villager (Male) |
| 7:29 | Create | Villager (Male) |
| 7:48 | Build | Settlement |
| 7:55 | Create | Unit 2550 |
| 8:01 | Create | Villager (Male) |
| 8:26 | Create | Villager (Male) |
| 8:42 | Create | Villager (Male) |
| 8:51 | Create | Villager (Male) |
| 9:31 | Research | Feudal Age |
| 9:31 | Research | Feudal Age |
| 9:37 | Build | Palisade Wall |
| 9:53 | Build | Settlement |
| 10:23 | Create | Villager (Male) |
| 10:34 | Build | House |
| 11:25 | Build | Settlement |
| 11:41 | Age | Feudal Age |
| 11:48 | Build | Watch Tower |
| 12:17 | Create | Spearman |
| 12:23 | Create | Spearman |
| 12:25 | Create | Villager (Male) |
| 12:25 | Create | Villager (Male) |
| 12:25 | Create | Villager (Male) |
| 12:42 | Create | Spearman |
| 12:43 | Create | Spearman |
| 12:43 | Create | Spearman |
| 12:54 | Create | Villager (Male) |
| 12:54 | Create | Villager (Male) |
| 12:55 | Create | Villager (Male) |
| 12:55 | Create | Villager (Male) |
| 12:59 | Create | Villager (Male) |
| 12:59 | Create | Villager (Male) |
| 13:06 | Build | Watch Tower |
| 13:07 | Create | Villager (Male) |
| 13:07 | Create | Villager (Male) |
| 13:07 | Create | Villager (Male) |
| 13:08 | Create | Villager (Male) |
| 13:08 | Create | Villager (Male) |
| 13:47 | Create | Villager (Male) |
| 13:47 | Create | Villager (Male) |
| 14:16 | Create | Villager (Male) |
| 14:20 | Build | Farm |
| 14:31 | Create | Unit 2550 |
| 14:31 | Create | Unit 2550 |
| 14:45 | Build | Watch Tower |
| 15:13 | Create | Villager (Male) |
| 15:13 | Create | Villager (Male) |
| 15:44 | Build | Watch Tower |
| 15:50 | Create | Unit 2550 |
| 15:50 | Create | Unit 2550 |
| 15:50 | Create | Unit 2550 |
| 16:11 | Create | Villager (Male) |
| 16:11 | Create | Villager (Male) |
| 16:54 | Create | Villager (Male) |
| 16:54 | Create | Villager (Male) |
| 16:57 | Build | Farm |
| 16:58 | Build | Farm |
| 17:16 | Create | Villager (Male) |
| 17:17 | Create | Villager (Male) |
| 17:37 | Build | Watch Tower |
| 17:54 | Create | Unit 2550 |
| 17:54 | Create | Unit 2550 |
| 18:02 | Create | Villager (Male) |
| 18:03 | Create | Villager (Male) |
| 18:25 | Create | Villager (Male) |
| 18:25 | Create | Villager (Male) |
| 18:32 | Create | Unit 2550 |
| 18:32 | Create | Unit 2550 |
| 19:00 | Create | Spearman |
| 19:01 | Create | Spearman |
| 19:01 | Create | Spearman |
| 19:02 | Create | Villager (Male) |
| 19:02 | Create | Villager (Male) |
| 19:10 | Build | Watch Tower |
| 19:13 | Build | Watch Tower |
| 19:21 | Build | Palisade Wall |
| 19:22 | Build | Palisade Wall |
| 19:23 | Build | Palisade Wall |
| 19:25 | Build | House |
| 19:28 | Build | Palisade Wall |
| 19:30 | Build | House |
| 19:39 | Build | Palisade Wall |
| 19:58 | Create | Villager (Male) |
| 19:58 | Create | Villager (Male) |
| 20:09 | Build | Watch Tower |
Match timeline
| 0:07 | SVTT | Альпинист · first_building Barracks |
| 5:11 | TUAN · wall_segment Palisade Wall x1 |
| 5:23 | TUAN · wall_segment Palisade Wall x1 |
| 7:52 | TUAN · wall_segment Palisade Wall x1 |
| 7:54 | TUAN · wall_segment Palisade Wall x1 |
| 7:56 | TUAN · wall_segment Palisade Wall x1 |
| 8:34 | TUAN · first_building Barracks |
| 9:30 | TUAN · age_up feudal |
| 9:35 | TUAN · first_building Stable |
| 9:37 | SVTT | Альпинист · wall_segment Palisade Wall x1 |
| 11:41 | SVTT | Альпинист · age_up feudal |
| 13:14 | TUAN · wall_segment Palisade Wall x2 |
| 13:23 | TUAN · first_building Archery Range |
| 19:21 | SVTT | Альпинист · wall_segment Palisade Wall x1 |
| 19:22 | SVTT | Альпинист · wall_segment Palisade Wall x1 |
| 19:23 | SVTT | Альпинист · wall_segment Palisade Wall x1 |
| 19:28 | SVTT | Альпинист · wall_segment Palisade Wall x1 |
| 19:39 | SVTT | Альпинист · wall_segment Palisade Wall x1 |
| 20:17 | SVTT | Альпинист · resign |
[ AI ANALYSIS · 1 CREDIT ]
What really happened in this match?
Wolo.gg analyzes every decision: build order, eco, micro, common mistakes by bracket. Personalized analysis on WhatsApp or Discord in 30 seconds.
Civ guide
Chinese
Perfil
Jugador #10496191